 Dungeon Crawl Stone Soup version 0.29-a0-753-gb7bb9d756e (webtiles) character file.

Game seed: 6504420627438325333

14 Essalna the Magician (level 2, 22/22 HPs)
             Began as a Djinni Conjurer on June 29, 2022.
             Got out of the dungeon alive.
             The game lasted 00:01:15 (717 turns).

Essalna the Magician (Djinni Conjurer)               Turns: 717, Time: 00:01:16

Health: 22/22      AC:  2    Str:  6    XL:     2   Next: 60%
Gold:   24         EV: 12    Int: 19    God:
                   SH:  0    Dex: 11

rFire   + + .      SeeInvis .   (no weapon)
rCold   x . .      Faith    .   (no shield)
rNeg    . . .      Spirit   .   a - +0 robe
rPois   ∞          Reflect  .   (no helmet)
rElec   .          Harm     .   (no cloak)
rCorr   .          Rampage  .   (no gloves)
Will    .....                   (boots unavailable)
Stlth   ++........              (no amulet)
HPRegen 0.07/turn               (no ring)
MPRegen 0.00/turn               (no ring)

@: flying
A: sickness immunity, fire resistance 2, cold vulnerability 1, float, innate
caster, HP casting, extra vitality 1
a: no special abilities


You escaped.
You visited 1 branch of the dungeon, and saw 1 of its levels.

You collected 24 gold pieces.

Inventory:

Armour
 a - a +0 robe (worn)
Scrolls
 b - a scroll of vulnerability {unknown}
 c - a scroll of amnesia {unknown}
 f - a scroll of identify {unknown}
 j - a scroll of fear {unknown}
Potions
 d - a potion of brilliance {unknown}
 e - a potion of might {unknown}
 g - 2 potions of ambrosia {unknown}
 h - a potion of invisibility {unknown}
 i - a potion of curing {unknown}


   Skills:
 + Level 1.3 Fighting
 - Level 2.1 Dodging
 - Level 1.5 Stealth
 + Level 3.5 Spellcasting


You couldn't memorise any spells.
You knew the following spells:

 Your Spells              Type           Power      Damage    Failure   Level
a - Magic Dart            Conj           64%        1d6       3%          1
b - Searing Ray           Conj           32%        2d5       5%          2
c - Dazzling Flash        Conj/Hex       32%        N/A       11%         3
d - Fulminant Prism       Conj/Hex       8%         3d7       34%         4
e - Iskenderun's Mystic   Conj/Tloc      16%        2d5       34%         4
Your spell library was empty.

Dungeon Overview and Level Annotations

Branches:
Dungeon (1/15)

Altars:

Shops:
D:1 :


Innate Abilities, Weirdness & Mutations

You are immune to sickness and miasma.
You are immune to poison.
Your flesh is very heat resistant. (rF++)
You are vulnerable to cold. (rC-)
You float through the air rather than walking.
You learn spells naturally, not from books.
Your magical power is your life essence.
You have superior vitality. (+4 MHP)


Message History

A kobold comes into view. It is wielding a +0 short sword.
The kobold shouts!
The magic dart hits the kobold.
You kill the kobold!
You can't see any susceptible monsters within range! (Use Z to cast anyway.)
You can't see any susceptible monsters within range! (Use Z to cast anyway.)
i - a cyan potion
Things that are here:
a +0 short sword; 2 stones; a kobold corpse Key pressed, stopping explore.
An endoplasm comes into view.
An endoplasm is nearby!
The magic dart hits the endoplasm.
The endoplasm is heavily wounded.
The endoplasm quivers.
The magic dart hits the endoplasm.
You kill the endoplasm!
You can't see any susceptible monsters within range! (Use Z to cast anyway.)
Found 4 poisoned darts.
Welcome back, Essalna the Djinni Conjurer.
Press ? for a list of commands and other information.
You see here 4 poisoned darts.
Things that are here:
2 stones; a +0 short sword; a kobold corpse You see here a +0 club.
You now have 24 gold pieces (gained 12).
Found a hand axe.
j - a scroll labelled TIOSHR LUOSTRA A kobold comes into view.
It is wielding a +0 club.
The kobold shouts!
The magic dart hits the kobold.
The kobold is severely wounded.
The magic dart hits the kobold.
You kill the kobold!
You can't see any susceptible monsters within range! (Use Z to cast anyway.)
You can't see any susceptible monsters within range! (Use Z to cast anyway.) HP restored.
There is a staircase leading out of the dungeon here.
Are you sure you want to leave the Dungeon?
This will make you lose the game!
You have escaped!

##############
#≈P≈.........#
#PP≈##.###.@.#
#P≈P##.# #...#
#.##PPP# ###.#
#.##P≈≈# .#
#...≈P≈# .#
#.#####≈P .#
#.#


PP≈ .# #.### ≈P .# ###...# There were no monsters in sight!

Vanquished Creatures
  A dart slug (D:1)
  2 bats (D:1)
  2 endoplasms (D:1)
  3 goblins (D:1)
  3 kobolds (D:1)
11 creatures vanquished.

Notes
Turn   | Place    | Note
-------+----------+-------------------------------------------
     0 | D:1      | Essalna the Djinni Conjurer began the quest for the Orb.
     0 | D:1      | Essalna set off with the following spells memorised: Magic
                  | Dart, Searing Ray, Dazzling Flash, Fulminant Prism,
                  | Iskenderun's Mystic Blast.
     0 | D:1      | Reached XP level 1. HP: 15/15 MP: 0/0
   328 | D:1      | Found Xosajas's Book Shop.
   407 | D:1      | Reached skill level 1 in Fighting
   407 | D:1      | Reached XP level 2. HP: 21/22 MP: 0/0
   571 | D:1      | Upgraded the game from 0.29-a0-728-g6bb282b620 to
                  | 0.29-a0-753-gb7bb9d756e
   717 | D:$      | Got out of the dungeon alive.

Illustrated notes

Levels and vault maps discovered:
D:1:      psy_arrival_conway, layout_basic, serial_shops, shop

Skill      XL: |  1 |
---------------+----+-----
Fighting       | 1 |  1.3
Dodging        | |  2.1
Stealth        | |  1.5
Spellcasting   | |  3.5

Action                   || total
-------------------------++-------
 Cast: Magic Dart        ||    21
Dodge: Dodged            ||     2

Table legend: (Time is in decaauts)
 A = Elapsed time spent in this place.
 B = Non-inter-level travel time spent in this place.
 C = Inter-level travel time spent in this place.
 D = Time resting spent in this place.
 E = Time spent auto-exploring this place.
 F = Levels seen in this place.
 G = Mean time per level.
                   A        B        C        D        E       F      G
               +--------+--------+--------+--------+--------+-----+--------+
         Total |    717 |    636 |     81 |      0 |    581 |   1 |  717.0 |
       Dungeon |    717 |    636 |     81 |      0 |    581 |   1 |  717.0 |
               +--------+--------+--------+--------+--------+-----+--------+

Top non-repeatable levels by time:
     D:1: 717 daAuts
